 Dungeon Crawl Stone Soup version 0.21.1-1-g345015f (webtiles) character file.

171 Monsterracer the Ducker (level 5, 0/28 HPs)
             Began as a Spriggan Berserker on June 1, 2018.
             Was a Priest of Trog.
             Slain by a bullfrog zombie (4 damage)
             ... on level 3 of the Dungeon.
             The game lasted 00:04:41 (3180 turns).

Monsterracer the Ducker (Spriggan Berserker)        Turns: 3180, Time: 00:04:42

Health: 0/28       AC:  2    Str: 13    XL:     5   Next: 26%
Magic:  6/6        EV: 21    Int:  8    God:    Trog [***...]
Gold:   149        SH:  0    Dex: 17    Spells: 4/4 levels left

rFire    . . .     SeeInvis +   a - +0 short sword
rCold    + . .     Gourm    .   (shield restricted)
rNeg     . . .     Faith    .   f - +0 animal skin
rPois    .         Spirit   .   (helmet restricted)
rElec    .         Reflect  .   (no cloak)
rCorr    .         Harm     .   (gloves unavailable)
MR       .....                  (boots unavailable)
Stlth    +++.......             (no amulet)
HPRegen  0.09/turn              d - ring of protection from cold {!d}
MPRegen  0.10/turn              (no ring)

@: very quick
A: very small, unfitting armour, see invisible, herbivore, speed 3, slow
metabolism 2
a: Berserk, Trog's Hand, Burn Spellbooks, Renounce Religion


You were on level 3 of the Dungeon.
You worshipped Trog.
Trog was most pleased with you.
You were not hungry.

You visited 1 branch of the dungeon, and saw 3 of its levels.

You collected 149 gold pieces.

Inventory:

Hand Weapons
 a - a +0 short sword (weapon)
 b - a +0 dagger of venom
 w - a +2 dagger of holy wrath
Missiles
 h - 29 bolts
Armour
 f - a +0 animal skin (worn)
Jewellery
 d - a ring of protection from cold (left hand) {!d}
Scrolls
 e - 2 scrolls of enchant armour
 g - a scroll of teleportation {unknown}
 j - a scroll of magic mapping {unknown}
Potions
 i - a potion of magic
Comestibles
 c - a ration


   Skills:
 * Level 3.6 Fighting
 + Level 4.1 Short Blades
 + Level 5.5 Dodging
 + Level 3.3 Stealth


You had 4 spell levels left.
You didn't know any spells.

Dungeon Overview and Level Annotations

Branches:
Dungeon (3/15)

Altars:


Innate Abilities, Weirdness & Mutations

You are very small and have problems with some larger weapons.
You are too small for most types of armour.
You have supernaturally acute eyesight. (SInv)
You are a herbivore.
You cover ground extremely quickly.
You need consume almost no food.


Message History

* * * LOW HITPOINT WARNING * * *
You take 11 damage, and have 5/28 hp.
MASSIVE DAMAGE!!
A red film seems to cover your vision as you go berserk!
You feel yourself moving faster!
You feel mighty!
You feel a lot more hungry. The orc wizard misses you.
You now have 7/42 hp.
Unknown command.
You puncture the orc wizard!
The orc wizard is almost dead.
The orc wizard hits you but does no damage.
You puncture the orc wizard!
You kill the orc wizard!
Trog accepts your kill.
Trog appreciates your killing of a magic user.
You hit the orc.
The orc is lightly wounded.
You barely miss the orc.
The orc is lightly wounded.
The orc misses you.
You hit the orc.
The orc is severely wounded.
You hit the orc.
You kill the orc!
Trog accepts your kill.
Things that are here:
a dagger; a robe; an orc corpse You butcher the orc corpse.
You feel a strong urge to attack something.
Items here: % ) [ รท a dagger; a robe; 2 chunks of flesh; an orc skeleton You start resting.
You feel your anger nearly subside.
You are no longer berserk.
You are exhausted.
You feel yourself slow down.
You now have 6/28 hp.
You start resting.
You feel yourself speed up.
You regained 3 hp, and now have 9/28 hp.
You start resting.
Unknown command.
You recover from your berserk rage.
A bullfrog zombie comes into view.
A bullfrog zombie is nearby!
Things that are here:
a hand axe; a flail You start resting.
You regained 7 hp, and now have 19/28 hp.
You hit the bullfrog zombie.
The bullfrog zombie is lightly damaged.
The bullfrog zombie completely misses you.
You hit the bullfrog zombie.
The bullfrog zombie is lightly damaged.
The bullfrog zombie hits you.
You take 1 damage, and have 18/28 hp.
You hit the bullfrog zombie.
The bullfrog zombie is moderately damaged.
The bullfrog zombie barely misses you.
You hit the bullfrog zombie.
The bullfrog zombie is moderately damaged.
The bullfrog zombie hits you. x2
* * * LOW HITPOINT WARNING * * *
You take 7 damage, and have 12/28 hp.
MASSIVE DAMAGE!!
You hit the bullfrog zombie.
The bullfrog zombie is moderately damaged.
The bullfrog zombie completely misses you.
You hit the bullfrog zombie.
The bullfrog zombie is heavily damaged.
The bullfrog zombie completely misses you.
You completely miss the bullfrog zombie.
The bullfrog zombie is heavily damaged.
The bullfrog zombie hits you.
* * * LOW HITPOINT WARNING * * *
You take 1 damage, and have 11/28 hp.
You closely miss the bullfrog zombie.
The bullfrog zombie is heavily damaged.
The bullfrog zombie closely misses you.
You hit the bullfrog zombie.
The bullfrog zombie is heavily damaged.
The bullfrog zombie hits you.
* * * LOW HITPOINT WARNING * * *
The bullfrog zombie completely misses you.
You take 4 damage, and have 7/28 hp.
You hit the bullfrog zombie.
The bullfrog zombie is severely damaged.
The bullfrog zombie misses you.
You hit the bullfrog zombie but do no damage.
The bullfrog zombie is severely damaged.
The bullfrog zombie closely misses you.
You hit the bullfrog zombie.
The bullfrog zombie is severely damaged.
The bullfrog zombie hits you.
* * * LOW HITPOINT WARNING * * *
You take 3 damage, and have 4/28 hp.
You hit the bullfrog zombie.
The bullfrog zombie is almost destroyed.
The bullfrog zombie barely misses you.
You hit the bullfrog zombie.
The bullfrog zombie is almost destroyed.
The bullfrog zombie hits you.
You die...

#Z# #.# #.# ## ##
#.# #$ .# #.# .#.
#.# ... #)# #.# #)#
#.# ##.### #@#
#....###Z##
##.........#
#....$.###.####
..........# #.##.##
####......###.....#
##.......(.##..#
##...#######..#
##.## #..#


You could see a bullfrog zombie.

Vanquished Creatures
  2 orc wizards (D:3)
  3 adders (D:2)
  2 worms (D:2)
  3 dart slugs
  2 leopard geckos (D:1)
  5 orcs (D:3)
  4 ball pythons
  3 giant cockroaches
  11 goblins
  9 hobgoblins
  2 jackals (D:1)
  6 kobolds
  9 bats
  2 frilled lizards
  8 rats
71 creatures vanquished.

Notes
Turn   | Place    | Note
-------+----------+-------------------------------------------
     0 | D:1      | Monsterracer the Spriggan Berserker began the quest for the Orb.
     0 | D:1      | Reached XP level 1. HP: 11/11 MP: 2/2
   143 | D:1      | HP: 5/11 [ball python (1)]
   652 | D:1      | HP: 4/11 [dart slug/slug dart (7)]
   657 | D:1      | Reached skill level 1 in Stealth
   657 | D:1      | Reached XP level 2. HP: 6/16 MP: 3/3
   665 | D:1      | HP: 4/16 [goblin/club (2)]
   823 | D:1      | HP: 7/16 [kobold (3)]
  1319 | D:1      | Reached ** piety under Trog
  1319 | D:1      | Reached XP level 3. HP: 19/19 MP: 4/4
  1741 | D:2      | Reached skill level 5 in Dodging
  1899 | D:2      | Reached XP level 4. HP: 24/24 MP: 5/5
  2997 | D:3      | Reached *** piety under Trog
  2997 | D:3      | Reached XP level 5. HP: 28/28 MP: 6/6
  3016 | D:3      | HP: 7/28 [orc wizard/magic dart (9)]
  3170 | D:3      | HP: 12/28 [bullfrog zombie (4)]
  3175 | D:3      | HP: 7/28 [bullfrog zombie (4)]
  3180 | D:3      | Slain by a bullfrog zombie

Skill      XL: |  1  2  3  4 |
---------------+-------------+-----
Stealth        | 1 2 3 |  3.3
Fighting       | 3 |  3.6
Dodging        | 5 |  5.5
Short Blades   | 4 |  4.1

Action                   |  1- 3 |  4- 6 || total
-------------------------+-------+-------++-------
Melee: Short sword       |   150 |   109 ||   259
       Dagger            |       |     6 ||     6
Invok: Berserk           |     1 |     2 ||     3
  Use: Scroll            |     1 |     1 ||     2
 Stab: Sleeping          |     4 |     4 ||     8
       Distracted        |       |     1 ||     1
  Eat: Ration            |       |     3 ||     3
Armor: Animal skin       |    21 |     7 ||    28
Dodge: Dodged            |   128 |    74 ||   202

Vault maps used:
D:1:      minmay_arrival_glassed_features
D:2:      cheibrodos_helix_gallery, first_ration, minmay_shallow_snake_nest
